 Dungeon Crawl Stone Soup version 0.23.0 (webtiles) character file.

Game seed: 7509291289181515766

3236 lapinsky the Cudgeler (level 9, 0/93 HPs)
             Began as a Demonspawn Chaos Knight on Feb 16, 2019.
             Was a Plaything of Xom.
             Blown up by a cacodemon (19 damage)
             ... with a bolt of energy
             ... on level 2 of the Abyss.
             The game lasted 00:33:00 (4283 turns).

lapinsky the Cudgeler (Demonspawn Chaos Knight)     Turns: 4283, Time: 00:33:03

Health: 0/93       AC: 24    Str: 16    XL:     9   Next: 66%
Magic:  9/9        EV:  2    Int: 14    God:    Xom [...*..]
Gold:   226        SH:  0    Dex: 12    Spells: 8/8 levels left

rFire    + . .     SeeInvis .   a - +1 hand axe (chaos)
rCold    . . .     Gourm    .   (no shield)
rNeg     + + +     Faith    .   (armour currently unavailable)
rPois    +         Spirit   .   (helmet currently unavailable)
rElec    .         Reflect  .   (cloak currently unavailable)
rCorr    .         Harm     .   (gloves currently unavailable)
MR       .....     NoTele   +   (boots currently unavailable)
Stlth    ++........             g - amulet of regeneration
HPRegen  0.65/turn              y - ring of stealth
MPRegen  0.11/turn              v - ring of protection from fire

@: confused, tree-form, hasted, very quick
A: frail 1, foul stench 1, powered by death 1, rot immunity
a: Renounce Religion


You were on level 2 of the Abyss.
You worshipped Xom.
You were a favourite toy of Xom.
You were not hungry.
You were a tree.
You visited 1 branch of the dungeon, and saw 7 of its levels.
You visited the Abyss 1 time.

You collected 361 gold pieces.
You spent 135 gold pieces at shops.

Inventory:

Hand Weapons
 a - a +1 hand axe of chaos (weapon)
 n - a +1 morningstar of draining
 B - a +0 flail of protection
Missiles
 z - 2 tomahawks
 A - 5 tomahawks of returning
 E - 3 javelins (quivered)
Armour
 l - a +2 plate armour (melded)
 o - a +0 cloak (melded)
 x - a +2 helmet (melded)
Jewellery
 g - an amulet of regeneration (around neck)
 v - a ring of protection from fire (right branch)
 y - a ring of stealth (left branch)
 H - an uncursed ring of protection from cold
Wands
 k - a wand of polymorph (7)
 u - a wand of enslavement (3)
Scrolls
 m - a scroll of magic mapping
 p - 2 scrolls of remove curse
Potions
 d - a potion of might {unknown}
 q - a potion of mutation {unknown}
 t - a potion of brilliance {unknown}
 w - a potion of resistance {unknown}
Comestibles
 c - 6 rations


   Skills:
 + Level 5.7 Fighting
   Level 1.2 Short Blades
 + Level 4.9(6.5) Axes
 + Level 6.5(7.3) Maces & Flails
 * Level 5.1 Throwing
 + Level 5.6 Armour
 + Level 2.5 Dodging
 + Level 2.6 Stealth
 + Level 0.5 Evocations


You had 8 spell levels left.
You didn't know any spells.
Your spell library contained the following spells:

 Spells                   Type           Power        Failure   Level  Hunger
 Corona                   Hex            #......      28%         1    ##.....
 Ensorcelled Hibernation  Hex/Ice        #.....       41%         2    ###....
 Confuse                  Hex            #.......     65%         3    ####...
 Dazzling Spray           Conj/Hex       #.....       65%         3    ####...
 Tukima's Dance           Hex            #.......     65%         3    ####...


Dungeon Overview and Level Annotations

Branches:
Dungeon (7/15)             Temple (0/1) D:5

Altars:
Dithmenos
Nemelex Xobeh
Zin
The Shining One

Shops:
D:6 *


Innate Abilities, Weirdness & Mutations

((You have razor-sharp toenails.))
You may emit foul miasma when damaged in melee.
You regenerate a little health from kills.
You are immune to rotting.
((Your movements are less encumbered by armour. (ER -4)))
((Armour fits poorly on your strangely shaped body.))
You are frail. (-10% HP)


Message History

* * * LOW HITPOINT WARNING * * *
The bone dragon claws you but does no damage.
The bone dragon barely misses you.
You cannot move. (Use ctrl+direction or * direction to attack without moving.)
The ufetubus shouts!
You hit the cacodemon but do no damage.
The cacodemon seems to speed up.
You hit the bone dragon but do no damage.
The bone dragon looks slightly unstable.
You feel less confused. The cacodemon gestures at you.
You are confused.
You hit the bone dragon but do no damage.
You barely miss the cacodemon.
The bone dragon bites you but does no damage.
The bone dragon claws you but does no damage.
The bone dragon completely misses you. The cacodemon gestures at you.
The bolt of energy hits you!!
You die...
Xom is highly amused!

..#.## .. #...#
. #. ##. ..# #
#.. . #...# #.#
#....### # ..#
##.#X###.# #.
###..... .#
#...#.#5Y#.#.#..
#.....32##......
##... #D♣..# .#
##.....#..# ..
######......
#.##.... .. ...
#. .. .. . .#


You could see a bone dragon, a cacodemon, a large abomination, a ynoxinul and an
ufetubus.

Vanquished Creatures
  A two-headed ogre (D:5)
  Pikel (D:4)
  A smoke demon (Abyss:2)
  A small abomination (Abyss:2)
  A chaos spawn (Abyss:2)
  The ghost of Swippen the Chopper, an amateur DsFi (D:4)
  A neqoxec (Abyss:2)
  2 phantoms (D:4)
  2 ogres
  2 bullfrogs
  2 scorpions
  2 howler monkeys
  2 crimson imps (D:6)
  A quasit (D:4)
  A hound (D:5)
  A jelly (Abyss:2)
  A centaur skeleton (D:7)
  A bullfrog skeleton (D:5)
  3 iguanas (D:5)
  An orc wizard (D:4)
  A gnoll shaman (D:5)
  4 worker ants
  A hound zombie (D:6)
  A hound skeleton (D:6)
  7 gnolls
  7 adders
  An ooze (D:2)
  An adder skeleton (D:4)
  3 worms
  2 dart slugs (D:1)
  4 leopard geckos
  3 orcs
  7 bats
  7 giant cockroaches
  3 goblins (D:3)
  4 hobgoblins
  7 jackals
  8 kobolds
  2 ball pythons
  5 frilled lizards
  A leopard gecko skeleton (D:4)
  A leopard gecko zombie (D:5)
  2 quokka skeletons
  5 rats
115 creatures vanquished.

Vanquished Creatures (collateral kills)
  An ufetubus (Abyss:2)
  A worm (D:4)
  An orc (D:4)
3 creatures vanquished.

Vanquished Creatures (others)
  A slave (D:4)
  A quasit (Abyss:2)
  An orc wizard (D:4)
  A worm (D:4)
  A leopard gecko (D:4)
  4 orcs (D:4)
  2 jackals (D:4)
11 creatures vanquished.

Grand Total: 129 creatures vanquished

Notes
Turn   | Place    | Note
-------+----------+-------------------------------------------
     0 | D:1      | lapinsky the Demonspawn Chaos Knight began the quest for
                  | the Orb.
     0 | D:1      | Reached XP level 1. HP: 18/18 MP: 1/1
   198 | D:1      | Gained mutation: You regenerate a little health from kills.
                  | [demonic ancestry]
   198 | D:1      | Reached XP level 2. HP: 24/24 MP: 2/2
   875 | D:2      | Gained mutation: Your movements are slightly less
                  | encumbered by armour. (ER -2) [demonic ancestry]
   875 | D:2      | Reached XP level 3. HP: 23/29 MP: 3/3
   879 | D:2      | Reached skill level 1 in Dodging
   946 | D:2      | Gained mutation: You have sharp toenails. [demonic
                  | ancestry]
   946 | D:2      | Reached XP level 4. HP: 36/36 MP: 4/4
  1334 | D:3      | Noticed a bullfrog
  1335 | D:3      | XOM: harmless Fire miscast
  1345 | D:3      | Killed a bullfrog
  1345 | D:3      | Reached skill level 1 in Short Blades
  1345 | D:3      | Reached skill level 1 in Maces & Flails
  1345 | D:3      | Gained mutation: You are immune to rotting. [demonic
                  | ancestry]
  1345 | D:3      | Reached XP level 5. HP: 35/42 MP: 5/5
  1601 | D:3      | XOM: silly message
  1875 | D:4      | Noticed Grinder
  1876 | D:4      | XOM: divination: detect items
  1880 | D:4      | Noticed Grinder
  1880 | D:4      | Grinder changed into Grinder the quasit
  1880 | D:4      | XOM: polymorph Grinder -> Grinder the quasit
  1885 | D:4      | XOM: enchant monster (good)
  1889 | D:4      | Killed Grinder the quasit
  1889 | D:4      | Reached skill level 1 in Throwing
  1902 | D:4      | Noticed an ogre
  1912 | D:4      | Killed an ogre
  1912 | D:4      | Reached skill level 2 in Maces & Flails
  1912 | D:4      | Gained mutation: You have razor-sharp toenails. [demonic
                  | ancestry]
  1912 | D:4      | Reached XP level 6. HP: 29/48 MP: 6/6
  2024 | D:4      | Noticed a slave
  2025 | D:4      | Noticed Pikel
  2027 | D:4      | Noticed a slave
  2031 | D:4      | Noticed a slave
  2031 | D:4      | Noticed a slave
  2038 | D:4      | XOM: summons friendly white imp
  2042 | D:4      | Killed Pikel
  2042 | D:4      | Reached skill level 3 in Maces & Flails
  2042 | D:4      | Reached skill level 1 in Stealth
  2042 | D:4      | Reached XP level 7. HP: 52/54 MP: 7/7
  2218 | D:4      | Found a runed translucent door.
  2218 | D:4      | Noticed Swippen's ghost (amateur DsFi)
  2231 | D:4      | Found a sparkling altar of Nemelex Xobeh.
  2301 | D:4      | Found a glowing golden altar of the Shining One.
  2326 | D:4      | XOM: noise
  2348 | D:4      | XOM: enchant monster (bad)
  2349 | D:4      | Gained mutation: Your movements are less encumbered by
                  | armour. (ER -4) [demonic ancestry]
  2349 | D:4      | Reached XP level 8. HP: 61/61 MP: 8/8
  2443 | D:4      | Found a glowing silver altar of Zin.
  2550 | D:4      | Killed Swippen's ghost
  2564 | D:5      | XOM: noise
  2564 | D:5      | Entered Level 5 of the Dungeon
  2577 | D:5      | Found a shadowy altar of Dithmenos.
  2683 | D:5      | Found a staircase to the Ecumenical Temple.
  2703 | D:5      | Reached skill level 4 in Maces & Flails
  2791 | D:5      | XOM: confuse monster(s)
  2806 | D:5      | Noticed a two-headed ogre
  2807 | D:5      | XOM: scenery: 1 doors close
  3248 | D:5      | XOM: harmless Pois miscast
  3474 | D:5      | XOM: potion effect (agility)
  3476 | D:5      | Killed a two-headed ogre
  3476 | D:5      | Reached skill level 5 in Fighting
  3476 | D:5      | Reached skill level 5 in Maces & Flails
  3476 | D:5      | Gained mutation: You may emit foul miasma when damaged in
                  | melee. [demonic ancestry]
  3476 | D:5      | Reached XP level 9. HP: 28/68 MP: 9/9
  3561 | D:6      | Reached skill level 5 in Armour
  3765 | D:6      | Found Hiem's Assorted Antiques.
  3781 | D:6      | Bought a knobbly golden ring for 135 gold pieces
  4052 | D:7      | XOM: draining
  4062 | D:7      | Cast into level 2 of the Abyss (Xom)
  4062 | Abyss:2  | Found a corrupted altar of Lugonu.
  4073 | Abyss:2  | Noticed an ophan
  4081 | Abyss:2  | XOM: smoke on damage
  4092 | Abyss:2  | XOM: noise
  4101 | Abyss:2  | XOM: summons friendly quasit
  4128 | Abyss:2  | Noticed a hell hog
  4128 | Abyss:2  | Noticed a hell hog
  4129 | Abyss:2  | Noticed a hell hog
  4129 | Abyss:2  | Noticed a hell hog
  4132 | Abyss:2  | XOM: cleaving
  4148 | Abyss:2  | Noticed a smoke demon
  4159 | Abyss:2  | XOM: cast spell 'Metabolic Englaciation'
  4192 | Abyss:2  | Gained mutation: Armour fits poorly on your strangely
                  | shaped body. [a neqoxec]
  4194 | Abyss:2  | Gained mutation: You are frail. (-10% HP) [a neqoxec]
  4197 | Abyss:2  | Reached skill level 6 in Maces & Flails
  4206 | Abyss:2  | Killed a smoke demon
  4206 | Abyss:2  | Reached skill level 5 in Throwing
  4242 | Abyss:2  | Noticed a hellephant
  4243 | Abyss:2  | Noticed a bone dragon
  4245 | Abyss:2  | XOM: summons 9 friendly demons
  4251 | Abyss:2  | Noticed a cacodemon
  4274 | Abyss:2  | XOM: harmless Pois miscast
  4283 | Abyss:2  | Blown up by a cacodemon

Skill      XL: |  1  2  3  4  5  6  7  8  9 |
---------------+----------------------------+-----
Axes           | 3 4 |  4.9
Armour         | 2 3 4 5 |  5.6
Dodging        | 1 2 |  2.5
Short Blades   | 1 |  1.2
Maces & Flails | 1 2 3 5 6 |  6.5
Throwing       | 1 2 3 4 5 |  5.1
Fighting       | 4 5 |  5.7
Stealth        | 1 2 |  2.6
Evocations     | |  0.5

Action                   |  1- 3 |  4- 6 |  7- 9 || total
-------------------------+-------+-------+-------++-------
Melee: Hand axe          |    32 |    56 |    55 ||   143
       Short sword       |    61 |       |       ||    61
       Morningstar       |     2 |    65 |    60 ||   127
       Kick              |       |    33 |    73 ||   106
       Flail             |       |       |   156 ||   156
Throw: Javelin           |       |     1 |    17 ||    18
       Tomahawk          |       |       |     5 ||     5
Evoke: Wand              |       |     1 |     8 ||     9
  Use: Scroll            |     3 |     2 |    17 ||    22
       Potion            |       |       |    14 ||    14
 Stab: Paralysed         |       |     4 |       ||     4
       Confused          |       |       |     2 ||     2
  Eat: Chunk             |       |     2 |     1 ||     3
       Ration            |       |     1 |     2 ||     3
Armor: Leather armour    |     9 |       |       ||     9
       Plate armour      |    59 |   155 |   244 ||   458
       Skin              |       |       |    12 ||    12
Dodge: Dodged            |    51 |    45 |   143 ||   239
